Map: Winter's Gate LE

Players

PtitDrogo - Winner!

  • Race: Protoss Protoss
  • Spawn Location: 5:00

Astrea

  • Race: Protoss Protoss
  • Spawn Location: 11:00

VOD

Have the link to the VOD?

Description

Time

  • Played on: Sept. 6, 2019, 8:41 p.m.
  • Length: 8:49
Show
View Real Time Build Order
Export as new Build Order

PtitDrogo Protoss - Winner!

Build Orders:  

Get SALT Encoding   

  12  0:00  Probe  
  13  0:12  Probe  
  14  0:17  Pylon  
  14  0:25  Probe  
  15  0:33  Probe  
  15  0:35  Gateway  
  15  0:41  Probe  
  16  0:46  Assimilator  
  17  0:51  Probe  
  17  0:55  Assimilator  
  18  1:00  Probe  
  19  1:07  Gateway  
  19  1:08  Probe  
  19  1:17  Probe  
  21  1:25  Cybernetics Core  
  21  1:29  Probe  
  21  1:32  Pylon  
  22  1:41  Probe  
  23  1:53  Warp Gate, Probe  
  24  2:01  Stalker  
  24  2:02  Sentry  
  28  2:11  Pylon, Probe  
  29  2:23  Pylon  
  29  2:28  Stalker  
  31  2:31  Stalker  
  33  2:50  Nexus  
  33  2:57  Shield Battery  
  33  3:04  Probe  
  34  3:08  Sentry x2  
  38  3:13  Pylon  
  39  3:24  Robotics Facility  
  38  3:27  Probe  
  39  3:39  Probe  
  40  3:42  Stalker  
  40  3:43  Stalker  
  44  3:51  Probe  
  45  4:06  Immortal, Stalker x2  
  53  4:26  Pylon  
  53  4:29  Probe  
  53  4:30  Probe  
  54  4:39  Stalker  
  54  4:41  Probe, Stalker  
  57  4:49  Probe  
  57  4:52  Warp Prism  
  57  4:54  Probe  
  57  5:01  Probe  
  57  5:06  Probe  
  61  5:13  Probe  
  61  5:14  Pylon  
  62  5:26  Immortal, Stargate  
  62  5:32  Shield Battery  
  62  5:42  Probe x2  
  66  5:54  Probe x2  
  66  5:55  Stalker  
  70  6:03  Pylon  
  70  6:04  Stalker  
  69  6:05  Phoenix  
  69  6:06  Probe x2  
  60  6:18  Probe x2  
  63  6:19  Immortal  
  64  6:30  Probe  
  69  6:33  Phoenix  
  64  6:45  Probe x2  
  68  6:57  Probe x2  
  68  6:59  Assimilator  
  68  7:01  Assimilator  
  70  7:03  Stalker x2  
  74  7:11  Gateway  
  74  7:12  Gateway  
  74  7:14  Phoenix  
  74  7:34  Phoenix  
  76  7:44  Twilight Council  
  76  7:45  Probe  
  76  7:46  Gateway  
  76  7:49  Gateway  
  77  7:53  Pylon  
  77  7:55  Pylon  
  77  8:19  Stalker x2  
  77  8:21  Phoenix  
  71  8:36  Stalker x2  
  71  8:44  Stalker x2  
Show
View Real Time Build Order
Export as new Build Order

Astrea Protoss 

Build Orders:  

Get SALT Encoding   

  12  0:00  Probe  
  13  0:12  Probe  
  14  0:17  Pylon  
  14  0:24  Probe  
  15  0:32  Probe  
  15  0:39  Gateway  
  15  0:40  Probe  
  16  0:46  Assimilator  
  17  0:51  Probe  
  17  0:54  Assimilator  
  18  0:59  Probe  
  19  1:06  Gateway  
  19  1:07  Probe  
  19  1:17  Probe  
  21  1:25  Cybernetics Core  
  21  1:29  Probe  
  21  1:32  Pylon  
  22  1:41  Probe  
  23  1:52  Warp Gate  
  23  1:53  Probe  
  24  2:01  Stalker  
  24  2:02  Stalker  
  24  2:05  Probe  
  29  2:11  Pylon  
  29  2:19  Probe  
  30  2:31  Stalker  
  30  2:32  Stalker  
  30  2:34  Probe  
  35  2:42  Robotics Facility  
  35  2:51  Pylon  
  35  3:01  Stalker  
  35  3:04  Stalker  
  39  3:20  Warp Prism  
  39  3:26  Pylon  
  41  3:44  Stalker  
  41  3:45  Stalker  
  45  3:59  Robotics Bay  
  45  4:00  Observer  
  46  4:10  Adept x2  
  50  4:20  Pylon  
  50  4:29  Gateway  
  49  4:45  Disruptor  
  49  4:52  Probe  
  48  4:57  Gravitic Drive  
  49  5:02  Nexus  
  49  5:10  Adept  
  49  5:14  Adept  
  53  5:25  Disruptor  
  53  5:26  Probe  
  57  5:39  Probe  
  58  5:51  Probe  
  59  6:03  Disruptor, Probe  
  60  6:15  Probe  
  60  6:16  Probe  
  63  6:22  Stalker x2  
  63  6:23  Stalker  
  69  6:27  Probe  
  69  6:28  Probe  
  69  6:39  Probe  
  68  6:41  Probe  
  69  6:51  Probe  
  69  6:54  Probe  
  71  6:55  Forge  
  71  6:57  Twilight Council  
  71  7:01  Stalker  
  71  7:02  Zealot, Stalker  
  71  7:03  Probe  
  78  7:09  Pylon  
  78  7:11  Pylon  
  78  7:12  Assimilator  
  78  7:14  Assimilator  
  78  7:29  Probe x2  
  80  7:41  Probe  
  80  7:42  Pylon  
  78  7:47  Pylon x2  
  78  7:50  Shield Battery  
  78  7:52  Shield Battery  
  78  8:00  Probe  
  78  8:01  Stalker  
  78  8:02  Pylon x2  
  78  8:19  Zealot x2  
  74  8:25  Probe  
  69  8:29  Stalker  
  69  8:32  Probe  
  60  8:37  Probe  
  48  8:42  Stalker x2  
Tags
 
Add a new tag
Caveats
  • Supply blocks, unpowered buildings, or Contaminate may cause inaccurate times.
  • Supply counts are checked every 10 seconds.